Workbook

Sheet 第１号様式
B1: 第１号様式 | K1: （担当区 区）
B2: 令和８年度 結核定期健康診断費補助金申請書
L3: 年 月 日
B5: 横 浜 市 長
E6: 申請者 | F6: 所 在 地 | G6: 〒
F9: 団 体 名
F11: 代表者役職 氏 名
E14: （施 設 名 ）
E15: （施設の所在地 ）
B17: 横浜市定期健康診断費補助金の交付を受けたいので、次のとおり申請します。補助金の交付を受けるにあたっては、横浜市補助金等の交付に関する規則（平成17年11月30日横浜市規則第139号）及び横浜市定期健康診断費補助金交付要綱を遵守します。 なお、補助対象経費には消費税及び地方消費税相当額を含めていません。
B21: 補助金交付申請額 金 | F21: =IF(第２号様式!J11<>0,第２号様式!J11,"") | I21: 円
C22: （内訳別紙のとおり)
B23: (添付書類)
B24: 1 | D24: 定期健康診断費補助申請額算出内訳書 | H24: (第２号様式)
B25: 2 | D25: 定期健康診断費収支明細書 | H25: (第３号様式)
B26: 3 | D26: 収支予算書（抄本） | H26: (第４号様式)
B27: 4 | D27: 支出合計額に相当する領収書の写し
B28: 5 | D28: 健康診断実施成績表 | H28: (第５号様式)
B29: 6 | D29: 健康診断費補助申請額算出計算書 | H29: (第６号様式)

Sheet 第２号様式
B1: 第２号様式
B2: 定 期 健 康 診 断 費 補 助 申 請 額 算 出 内 訳 書
B3: 事 項 別 | D3: 支 出 合 計 額 （消費税及び地方消費税相当額を除く) | E3: 補 助 基準額 | F3: 控 除 額 | I3: 差引補助 基準額 | J3: 補 助 申請額 | K3: 備 考
F4: 寄 付 金 | G4: そ の 他 | H4: 計
B5: 高校・高等専門学校 （新入生のみ） | D5: 円 | E5: 円 | F5: 円 | G5: 円 | H5: 円 | I5: 円 | J5: 円
E6: =第６号様式!E18 -> 0 | H6: =SUM(F6:G6) -> 0 | I6: =IFERROR(E6-H6,"") -> 0
B7: 大学・短期大学 大学院 （新入生のみ） | E7: =第６号様式!E21 -> 0 | H7: =SUM(F7:G7) -> 0 | I7: =IFERROR(E7-H7,"") -> 0
B8: 専修・各種学校 （新入生のみ） | E8: =第６号様式!E24 | H8: =SUM(F8:G8) -> 0 | I8: =IFERROR(E8-H8,"")
B9: 日本語教育機関 （生徒） | E9: =第６号様式!E27 -> 0 | H9: =SUM(F9:G9) -> 0 | I9: =IFERROR(E9-H9,"") -> 0
B10: 施設入所者 （65歳以上のみ） | E10: =第６号様式!E30 -> 0 | H10: =SUM(F10:G10) -> 0 | I10: =IFERROR(E10-H10,"") -> 0
B11: 合 計 | D11: =SUM(D6:D10) -> 0 | E11: =SUM(E6:E10) -> 0 | F11: =SUM(F6:F10) -> 0 | G11: =SUM(G6:G10) -> 0 | H11: =SUM(H6:H10) -> 0 | I11: =MIN((D11-H11),E11) -> 0 | J11: =ROUNDDOWN(I11*2/3,0) -> 0

Sheet 第３号様式
B1: 第３号様式
B2: 定 期 健 康 診 断 費 収 支 明 細 書
B4: 結核健康診断費
B5: 科 目 | E5: 予算額 | F5: 収入支出済額 | G5: 差引過△不足額 | H5: 備考
B6: 収入の部 | E6: 円 | F6: 円 | G6: 円
C7: 寄 付 金 | E7: =第４号様式!G7 -> 0 | F7: 0 | G7: =E7-F7 -> 0
C8: 補 助 金 | E8: =第４号様式!G8 -> 0 | F8: 0 | G8: =E8-F8 -> 0
C9: そ の 他 の 雑 収 入 | E9: =第４号様式!G9 -> 0 | F9: 0 | G9: =E9-F9 -> 0
C10: 合 計 | E10: =SUM(E7:E9) -> 0 | F10: =SUM(F7:F9) -> 0 | G10: =SUM(G7:G9) -> 0
B12: 支出の部 | C12: 1 手当及び給与金 | G12: =E12-F12 -> 0
C13: 2 旅 費 | G13: =E13-F13 -> 0
C14: 3 賃 金 | G14: =E14-F14 -> 0
C15: 4 需 用 費 | E15: =SUM(E16:E22) -> 0 | F15: =SUM(F16:F22) -> 0 | G15: =E15-F15 -> 0
D16: 消耗品費 | G16: =E16-F16 -> 0
D17: 燃料費 | G17: =E17-F17 -> 0
D18: 食糧費 | G18: =E18-F18 -> 0
D19: 印刷製本費 | G19: =E19-F19 -> 0
D20: 光熱水費 | G20: =E20-F20 -> 0
D21: 修繕料 | G21: =E21-F21 -> 0
D22: 医薬材料費 | G22: =E22-F22 -> 0
C23: 5 役 務 費 | E23: =SUM(E24) -> 0 | F23: =SUM(F24) -> 0 | G23: =SUM(G24) -> 0
D24: 通信運搬費 | G24: =E24-F24 -> 0
C25: 6 委 託 料 | G25: =E25-F25 -> 0
C26: 7 使用料及び賃借料 | G26: =E26-F26 -> 0
C27: 8 備 品 購 入 費 | G27: =E27-F27 -> 0
C28: 9 そ の 他 | G28: =E28-F28 -> 0
C29: 合 計 | E29: =IF(SUM(E12:E15,E23,E25:E28)<>0,SUM(E12:E15,E23,E25:E28),"") | F29: =IF(SUM(F12:F15,F23,F25:F28)<>0,SUM(F12:F15,F23,F25:F28),"") | G29: =IFERROR(E29-F29,"")
B30: ※ 収入支出済額の合計欄は消費税及び地方消費税相当額を除いた金額を御記入ください。

Sheet 第４号様式
B2: 第４号様式
B3: 令和８年度 収支予算書（抄本）
C4: 収入の部
C5: 科 目 | E5: 総 額 | F5: 説 明 | G5: 対象額 | H5: 備 考
C7: 寄付金収入
C8: 補助金収入
C9: その他
C14: 支出の部
C15: 科 目 | E15: 総 額 | F15: 説 明 | G15: 対象額 | H15: 備 考
C24: 上記のとおり相違ないことを証明します。
E25: 年 月 日
F27: 所 在 地
F28: 団 体 名
F29: 代表者役職 氏 名
B33: ※ １ ３号様式の「予算額」欄の金額と一致するように作成してください。
B34: (予算額を確認するための書類となります。）
B35: ２ 該当費目に他事業の予算額を含む場合は、備考欄に健康診断等の経費(３号
B36: 様式の額）を御記入ください。
B37: ３ 支出の部の対象額には消費税及び地方消費税相当額を除いた金額を御記入
B38: ください。

Sheet 第５号様式
B1: 第５号様式
B2: 健 康 診 断 実 施 成 績 表
D3: 団 体 名
D4: 代表者氏名
B5: 区分 | C5: 対象人員 | D5: 間接撮影 | E5: 直接撮影 | F5: 備考
B8: 高校・高等専門学校 （新入生のみ） | G8: =C8-D8-E8 -> 0
B9: 大学・短期大学 大学院 （新入生のみ） | G9: =C9-D9-E9 -> 0
B10: 専修・各種学校 （新入生のみ） | G10: =C10-D10-E10 -> 0
B11: 日本語教育機関 （生徒） | G11: =C11-D11-E11 -> 0
B12: 施設入所者 （65歳以上のみ） | G12: =C12-D12-E12 -> 0
B14: 合計 | C14: =IF(SUM(C8:C12)<>0,SUM(C8:C12),"") | D14: =IF(SUM(D8:D12)<>0,SUM(D8:D12),"") | E14: =IF(SUM(E8:E12)<>0,SUM(E8:E12),"")
B15: 上記のとおり、感染症の予防及び感染症の患者に対する医療に関する法律施行規則第 27条の５による報告又は横浜市定期健康診断費補助金交付要綱第２条第３項に規定する 日本語教育機関が実施した健康診断の実施報告があったことを証明します。
E18: 受理年月日
D19: 年 月 日
C20: 平成 年 月 日
C21: 横浜市 福祉保健センター長

Sheet 第６号様式
B1: 第６号様式
A2: 健康診断費補助申請額算出計算書（令和８年度）
B8: (学校・施設名等)
B11: 担 当 者 | D11: 氏名（ | F11: ）職種（ ）
B12: 連 絡 先 | D12: ＴＥＬ （ ）
E15: 胸部エックス線撮影
B16: 高校・高等専門学校 （新入生のみ記入） | C16: 新入生数 | H16: 人
C17: 基準単価 | E17: 454 | H17: 円
C18: 金 額 | E18: =IFERROR(E16*E17,"") -> 0 | H18: 円
B19: 大学・短期大学・大学院 （新入生のみ記入） | C19: 新入生数 | H19: 人
C20: 基準単価 | E20: 454 | H20: 円
C21: 金 額 | E21: =IFERROR(E19*E20,"") -> 0 | H21: 円
B22: 専修・各種学校 （新入生のみ記入） | C22: 新入生数 | E22: =IF(SUM([1]第５号様式!D10:E10)<>0,SUM([1]第５号様式!D10:E10),"") | H22: 人
C23: 基準単価 | E23: 454 | H23: 円
C24: 金 額 | E24: =IFERROR(E22*E23,"") | H24: 円
B25: 日本語教育機関 （生徒） | C25: 生徒数 | H25: 人
C26: 基準単価 | E26: 454 | H26: 円
C27: 金 額 | E27: =IFERROR(E25*E26,"") -> 0 | H27: 円
B28: 施設 （６５歳以上のみ記入） | C28: 入所者数 | H28: 人
C29: 基準単価 | E29: 454 | H29: 円
C30: 金 額 | E30: =IFERROR(E28*E29,"") -> 0 | H30: 円
B31: 合計 | C31: 人 数 | E31: =SUM(E16,E19,E22,E25,E28) -> 0 | H31: 人
C32: 金 額 | E32: =SUM(E18,E21,E24,E27,E30) -> 0 | H32: 円

Sheet 第９号様式
B1: 第９号様式
B2: 横浜市定期健康診断費補助金交付要綱関係
B3: 日本語教育機関結核定期健康診断実施報告書
F5: 実 施 月 年 月
F6: 提出年月日 年 月 日
F7: 担当者名
F8: 電話番号
B10: 学校・施設 | C10: 名称
C11: 所在地
B12: 実 施 者 名 （学校長・理事長等）
B13: 対象者（生徒）数
B14: 受診者数
B15: 発見者数 | C15: 結核患者
C16: 結核発病のおそれが あると診断された者
B17: 要医療者 内訳 | C17: 国籍別 | D17: 中国
D18: インドネシア
D19: ミャンマー
D20: ネパール
D21: フィリピン
D22: ベトナム
D23: その他 | E23: （国名： ）
E24: （国名： ）
E25: （国名： ）
C26: 受診状況別 | D26: 治療中
D27: 未治療
D28: 帰国
B30: この実施報告書は、横浜市定期健康診断費補助金交付要綱第２条第３項に規定する日本語教育機関が、
B31: 同要綱に基づく補助金を申請する際に、補助金交付申請書と併せて提出するものとする。
B33: 記入上の注意
B34: 《専修学校・各種学校の日本語教育機関》
B35: 新入生以外の生徒についてはこちらの様式で計上
B36: 新入生については、「結核定期健康診断実施報告書（第26号様式）」に計上
B38: 《専修学校・各種学校以外の日本語教育機関》
B39: 全ての生徒についてこちらの様式で計上
